 Dungeon Crawl Stone Soup version 0.32-a0-872-g59262bdc9b (webtiles) character file.

Game seed: 2425767333585076885

5092 Ryzel the Spear-Bearer (level 10, -5/62 (66) HPs)
             Began as an Octopode Chaos Knight on Mar 31, 2024.
             Was a Plaything of Xom.
             Slain by Urug
             ... wielding a +2 great sword of draining
              (34 damage)
             ... on level 10 of the Dungeon.
             The game lasted 00:41:41 (7616 turns).

Ryzel the Spear-Bearer (Octopode Chaos Knight)      Turns: 7616, Time: 00:41:41

HP:   -5/62 (66)    AC:  3    Str: 13    XL:     10   Next: 57%
MP:   10/10         EV: 20    Int: 16    God:    Xom [....*.]
Gold: 1091          SH:  0    Dex: 19    Spells: 9/9 levels left

rFire   + . .        a - +4 spear (chaos)
rCold   + . .        F - orb {light}
rNeg    . . .        A - +2 hat
rPois   .            (no amulet)
rElec   .            m - +5 ring of evasion
rCorr   .            w - ring of protection from cold
SInv    .            B - ring of protection from fire
Will    .....        I - +6 ring of dexterity
Stlth   +            (no ring)
HPRegen 0.30/turn    (no ring)
MPRegen 0.12/turn    (no ring)
                     (no ring)

%: no passive effects
@: glowing, drained
A: almost no armour, amphibious, 8 rings, camouflage 1, gelatinous body 1,
(nimble swimmer 1), tentacles
a: Renounce Religion


You were on level 10 of the Dungeon.
You worshipped Xom.
You were a beloved toy of Xom.
You visited 1 branch of the dungeon, and saw 10 of its levels.

You collected 1234 gold pieces.
You spent 143 gold pieces at shops.

Inventory:

Hand Weapons
 a - a +4 spear of chaos (weapon)
Missiles
 d - 8 boomerangs
 j - 13 poisoned darts
 l - 2 curare-tipped darts (quivered)
 n - a throwing net
Armour
 f - an orb of energy
 k - a +0 kite shield
 A - a +2 hat (worn)
 F - an orb of light (worn)
Jewellery
 m - a +5 ring of evasion (left tentacle)
 w - a ring of protection from cold (right tentacle)
 B - a ring of protection from fire (on tentacle)
 I - a +6 ring of dexterity (on tentacle)
 K - a ring of ice
Wands
 t - a wand of mindburst (3)
 u - a wand of flame (11)
 v - a wand of polymorph (9)
 C - a wand of paralysis (6)
Scrolls
 o - 2 scrolls of immolation {unknown}
 r - a scroll of vulnerability
 x - 2 scrolls of fear {unknown}
 y - 2 scrolls of amnesia {unknown}
 E - 2 scrolls of torment {unknown}
 H - 2 scrolls of enchant armour
 J - a scroll of teleportation
Potions
 b - a potion of attraction {unknown}
 c - a potion of enlightenment
 e - a potion of heal wounds
 g - 4 potions of haste
 h - a potion of cancellation {unknown}
 i - 2 potions of might
 p - 3 potions of ambrosia
 q - 3 potions of brilliance
 s - 3 potions of curing
 z - a potion of invisibility {unknown}
 D - a potion of experience {unknown}
 G - a potion of mutation {unknown}


   Skills:
 * Level 5.5 Fighting
 - Level 12.0 Polearms
 * Level 4.5 Throwing
 * Level 5.2 Dodging
 + Level 3.2 Shields
 * Level 4.9 Evocations


You had 9 spell levels left.
You didn't know any spells.
Your spell library contained the following spells:

 Spells                   Type           Power      Damage    Failure   Level
 Ensorcelled Hibernation  Hex/Ice        0%         N/A       36%         2
 Fugue of the Fallen      Necr           0%         N/A       58%         3
 Sigil of Binding         Hex            0%         N/A       58%         3
 Stone Arrow              Conj/Erth      0%         3d7       58%         3
 Anguish                  Hex/Necr       0%         N/A       94%         4
 Death Channel            Necr           0%         N/A       100%        6
 Sculpt Simulacrum        Ice/Alch       0%         N/A       100%        6
 Lehudib's Crystal Spear  Conj/Erth      0%         10d2      100%        8
 Animate Armour           Summ/Erth      Unusable   N/A       N/A         4

Dungeon Overview and Level Annotations

Branches:
Dungeon (10/15)            Temple (0/1) D:5             Orc (0/2) D:10
   Lair: D:8-11

Altars:
Dithmenos
Gozag
Ru
Uskayaw
Vehumet
Yredelemnul
The Shining One

Shops:
D:5 [

Annotations:
D:1 1 transporter
D:9 Erolcha
D:10 Urug


Innate Abilities, Weirdness & Mutations

You cannot wear most types of armour.
You are amphibious.
You can wear up to eight rings at the same time.
Your skin changes colour to match your surroundings (Stealth+).
Your rubbery body absorbs attacks. (AC +1, EV +1)
((You are camouflaged when in or above water. (Stealth+)))
You have tentacles for arms and can constrict up to eight enemies at once.


Message History

You puncture the kobold brigand!
The kobold brigand is almost dead.
You constrict the kobold brigand.
You kill the kobold brigand!
You closely miss the kobold. You grab the kobold. You squeeze the kobold.
You kill the kobold!
You hit the kobold.
You kill the kobold!
You barely miss the kobold. You grab the kobold. You squeeze the kobold.
You kill the kobold!
The kobold hits you with a +0 dagger.
Items here: ( )) ††.
You barely miss the kobold. You grab the kobold. You constrict the kobold.
You hit the kobold. You freeze the kobold.
You kill the kobold!
A goblin comes into view.
The goblin shouts!
You hear a shout!
Urug the Orcish Ballista comes into view.
She is wielding a +2 great sword of draining.
You see here a +0 dagger.
j - 13 poisoned darts (gained 5)
Items here: )) ††.
You see here a +0 dagger.
Okay, then.
Okay, then.
Throw: 3 darts (curare)
Press: ? - help, Q - select action, (/) - cycle Shift-Dir - straight line, f - Urug
Aim: Urug, wielding a +2 great sword of draining, wearing a +0 ring mail and quivering javelins (haloed, 73% to hit)
You throw a curare-tipped dart. The curare-tipped dart hits Urug.
Urug is poisoned.
Urug struggles to breathe.
Urug seems to slow down.
Urug is lightly wounded.
Urug hits you with a +2 great sword of draining!!
You feel drained.
* * * LOW HITPOINT WARNING * * *
You feel much better.
Urug hits you with a +2 great sword of draining!!
Ouch! That really hurt!
You die...
Urug screams, "Revenge at last!"
Xom bursts into laughter!

≈≈ # .o #.#g #.#g ..
..o . #.. ##.#+#### ..
####.##..)....##...
......####))#......
....#.#@#))..$.... ..
....#.#o#....###.
.#.#+#+#.#.#.#..#...≈..
#.#.#.#.#.#.#.##..#...#
+#.#.#.#.#.#.#.#.#.##
..#
y#.#.#.#.#.#.#.#.##..
P.
..#.#.#.#.#.#.#.#.#≈..
.
.#.#.#.#.#.#.#.#.##..P
#.#.#.#.#.#.#.#.#.#.##.


You could see Urug (very poisoned, slow).

Vanquished Creatures
  Fannar (D:10)
  A boulder beetle (D:7)
  A glowing orange brain (D:7)
  Grinder (D:3)
  A wyvern (D:7)
  A steam dragon (D:7)
  2 water moccasins
  4 sky beasts
  An orc warrior (D:7)
  An ice beast (D:8)
  An ogre (D:4)
  2 centaurs
  2 phantoms (D:5)
  2 bullfrogs
  Blork the orc (D:4)
  A kobold brigand (D:10)
  A gnoll sergeant (D:9)
  A scorpion (D:5)
  10 wights
  2 jellies
  A hound (D:4)
  2 gnoll boudas
  An orc priest (D:3)
  Crazy Yiuf (D:5)
  2 sleepcaps
  An iguana (D:4)
  9 orc wizards
  16 gnolls
  6 adders
  A white imp (D:8)
  A dart slug (D:5)
  3 ribbon worms
  19 orcs
  7 ball pythons
  5 bats
  7 endoplasms
  5 giant cockroaches
  4 goblins
  10 hobgoblins
  7 jackals
  5 quokkas
  2 frilled lizards (D:1)
  2 goblin skeletons (D:8)
  A hobgoblin zombie (D:8)
  14 kobolds
  A kobold skeleton (D:8)
  2 kobold zombies (D:8)
  2 orc zombies (D:8)
  5 rats
179 creatures vanquished.

Vanquished Creatures (collateral kills)
  An endoplasm zombie (D:2)
  A gnoll zombie (D:7)
2 creatures vanquished.

Grand Total: 181 creatures vanquished

Notes
Turn   | Place    | Note
-------+----------+-------------------------------------------
     0 | D:1      | Ryzel the Octopode Chaos Knight began the quest for the
                  | Orb.
     0 | D:1      | Reached XP level 1. HP: 16/16 MP: 1/1
   162 | D:1      | Reached XP level 2. HP: 21/21 MP: 2/2
   168 | D:1      | XOM: silly message
   226 | D:1      | XOM: cloud trail
   428 | D:1      | Reached skill level 4 in Polearms
   445 | D:1      | Reached XP level 3. HP: 21/26 MP: 3/3
   896 | D:2      | XOM: silly message
  1136 | D:2      | Reached XP level 4. HP: 28/31 MP: 4/4
  1150 | D:2      | Identified the +2 leather armour of the Stone Wall {Rampage
                  | Dex+4 Stlth+}
  1521 | D:1      | Reached skill level 5 in Polearms
  1543 | D:3      | Noticed Grinder
  1545 | D:3      | Paralysed by Grinder for 2 turns
  1836 | D:5      | Entered Level 5 of the Dungeon
  2125 | D:3      | Paralysed by Grinder for 4 turns
  2134 | D:3      | Paralysed by Grinder for 5 turns
  2142 | D:3      | Killed Grinder
  2143 | D:3      | Reached skill level 6 in Polearms
  2143 | D:3      | Reached XP level 5. HP: 36/36 MP: 5/5
  2143 | D:3      | Reached XP level 6. HP: 42/42 MP: 6/6
  2310 | D:3      | Reached skill level 7 in Polearms
  2676 | D:4      | XOM: potion effect (might)
  2754 | D:4      | Reached XP level 7. HP: 46/46 MP: 7/7
  2779 | D:5      | Reached skill level 8 in Polearms
  2902 | D:4      | Noticed Blork the orc
  2911 | D:4      | Killed Blork the orc
  3003 | D:4      | Reached skill level 9 in Polearms
  3194 | D:4      | XOM: torment (21/46 hp)
  3331 | D:4      | Reached XP level 8. HP: 52/52 MP: 8/8
  3351 | D:4      | XOM: summons 5 hostile demons
  3636 | D:5      | Found Ovaraitt's Armour Emporium.
  3644 | D:5      | Bought a +1 hat for 143 gold pieces
  3679 | D:5      | XOM: confusion (+ monsters)
  3821 | D:5      | Found a staircase to the Ecumenical Temple.
  3874 | D:5      | Reached skill level 10 in Polearms
  4050 | D:5      | Found a radiant altar of Vehumet.
  4147 | D:5      | Found a runed translucent door.
  4148 | D:5      | Noticed Crazy Yiuf
  4155 | D:5      | Killed Crazy Yiuf
  4562 | D:6      | XOM: god gift: 10 gold pieces
  5100 | D:6      | Reached skill level 11 in Polearms
  5529 | D:7      | Reached XP level 9. HP: 56/56 MP: 9/9
  5565 | D:7      | XOM: potion effect (haste)
  5573 | D:7      | XOM: potion effect (heal wounds)
  5619 | D:7      | XOM: potion effect (berserk rage)
  5623 | D:7      | Reached skill level 12 in Polearms
  5649 | D:7      | Reached skill level 1 in Evocations
  5653 | D:7      | Reached skill level 1 in Throwing
  5655 | D:7      | Found a basalt altar of Yredelemnul.
  5655 | D:7      | Found an opulent altar of Gozag.
  5655 | D:7      | Found a shadowy altar of Dithmenos.
  5681 | D:7      | Reached skill level 1 in Shields
  5694 | D:7      | Found a hide-covered altar of Uskayaw.
  5984 | D:7      | Noticed a boulder beetle
  5988 | D:7      | XOM: divination: detect creatures
  5989 | D:7      | XOM: butterfly on damage
  5992 | D:7      | XOM: noise
  6100 | D:6      | XOM: cloud trail
  6166 | D:7      | XOM: 2-stop teleportation journey
  6175 | D:7      | Killed a boulder beetle
  6202 | D:7      | XOM: noise
  6424 | D:7      | Noticed Jeremiah
  6430 | D:7      | Jeremiah changed into Jeremiah the glowing orange brain
  6430 | D:7      | Noticed Jeremiah
  6430 | D:7      | XOM: polymorph Jeremiah -> Jeremiah the glowing orange
                  | brain
  6450 | D:7      | XOM: enchant monster (good)
  6451 | D:7      | Killed Jeremiah the glowing orange brain
  6452 | D:7      | Reached XP level 10. HP: 56/65 MP: 8/10
  6741 | D:8      | Found a glowing golden altar of the Shining One.
  6749 | D:8      | XOM: noise
  6752 | D:8      | XOM: confuse monster(s)
  6773 | D:8      | Reached skill level 5 in Fighting
  7034 | D:8      | XOM: scenery: summon butterflies
  7158 | D:8      | XOM: summons 2 hostile demons
  7268 | D:8      | XOM: god gift: 686 gold pieces
  7283 | D:9      | Noticed Erolcha
  7376 | D:9      | Found a sacrificial altar of Ru.
  7448 | D:9      | Noticed a manticore
  7453 | D:9      | Noticed a centaur warrior
  7453 | D:9      | XOM: 5-stop teleportation journey
  7502 | D:9      | Noticed a two-headed ogre
  7502 | D:9      | XOM: 4-stop teleportation journey
  7508 | D:10     | Entered Level 10 of the Dungeon
  7508 | D:10     | Found a staircase to the Orcish Mines.
  7537 | D:10     | Noticed Fannar
  7568 | D:10     | Killed Fannar
  7569 | D:10     | Reached skill level 5 in Dodging
  7605 | D:10     | Noticed Urug
  7616 | D:10     | Slain by Urug

Illustrated notes

Levels and vault maps discovered:
D:1:      spicycebolla_arrival_risky_transporter, layout_loops_ring,
          minmay_heptomino_o4
D:2:      layout_loops_ring, minmay_box_of_dots
D:3:      layout_basic, uniq_grinder
D:4:      layout_rooms, uniq_blork_the_orc
D:5:      layout_basic, vehumet_crystals, temple_statues, serial_shops, shop,
          uniq_crazy_yiuf_cottage
D:6:      layout_basic, chequers_serial_rivers_marsh,
          hangedman_abyss_or_decor_stagger
D:7:      layout_loops_cross, mainiacjoe_overflow_brackets,
          chequers_temple_overflow_statue_of_worship, bh_walls_and_bars,
          uniq_jeremiah
D:8:      layout_basic, nicolae_tso_besieged_by_evil, hangedman_decor_opposing
D:9:      minmay_opposing_rooms, layout_irregular_city, nicolae_ru_awakened_eye,
          uniq_maurice, uniq_erolcha
D:10:     layout_basic, trog_three_pillars_becter, dpeg_oklobed_lair,
          orc_0_dummy, enter_bailey_5, uniq_snorg, uniq_urug, uniq_fannar

Skill      XL: |  1  2  3  4  5  6  7  8  9 10 |
---------------+-------------------------------+-----
Polearms       | 4 6 7 9 11 12 | 12.0
Evocations     | 4 |  4.9
Throwing       | 3 4 |  4.5
Shields        | 2 3 |  3.2
Dodging        | 4 5 |  5.2
Fighting       | 4 5 |  5.5

Action                     |  1- 3 |  4- 6 |  7- 9 | 10-12 || total
---------------------------+-------+-------+-------+-------++-------
  Melee: Spear             |    73 |    95 |   260 |    86 ||   514
         Constrict         |    14 |    19 |    39 |    17 ||    89
         Tentacles         |    12 |    12 |    66 |    26 ||   116
         Unarmed           |       |       |    12 |       ||    12
  Throw: Boomerang         |     6 |    13 |    12 |     3 ||    34
         Dart              |       |       |     8 |     3 ||    11
  Evoke: Wand              |       |       |    13 |     1 ||    14
    Use: Scroll            |     4 |     3 |    10 |     3 ||    20
         Potion            |       |       |     2 |     1 ||     3
   Stab: Sleeping          |     5 |     6 |     2 |       ||    13
         Confused          |       |     1 |     3 |     2 ||     6
         Paralysed         |       |     1 |     1 |       ||     2
         Distracted        |       |       |     1 |       ||     1
 Armour: Skin              |    14 |    13 |    53 |    17 ||    97
  Dodge: Dodged            |    22 |    20 |    82 |    28 ||   152

Table legend: (Time is in decaauts)
 A = Elapsed time spent in this place.
 B = Non-inter-level travel time spent in this place.
 C = Inter-level travel time spent in this place.
 D = Time resting spent in this place.
 E = Time spent auto-exploring this place.
 F = Levels seen in this place.
 G = Mean time per level.
                   A        B        C        D        E       F      G
               +--------+--------+--------+--------+--------+-----+--------+
         Total |   7440 |   7107 |    333 |    707 |   4188 |  10 |  744.0 |
       Dungeon |   7440 |   7107 |    333 |    707 |   4188 |  10 |  744.0 |
               +--------+--------+--------+--------+--------+-----+--------+

Top non-repeatable levels by time:
     D:6: 1075 daAuts
     D:3: 1061 daAuts
     D:7: 1013 daAuts
     D:5: 975 daAuts
     D:1: 828 daAuts
     D:4: 824 daAuts
     D:2: 747 daAuts
     D:8: 641 daAuts
     D:9: 178 daAuts
    D:10: 94 daAuts
